AoeStats
← crypto_zhupel

Arena

504768549Analyzed
2v2 RM · 25d ago on Sep 6, 2026· 44m 3s· 4 players
Game mode
Random Map
Map size
Medium (4 player)
Population
200
Speed
Normal
Resources
Standard
Victory
Conquest
Starting age
Dark Age
Ending age
Imperial Age
RankedLock teamsTeams togetherTeam positionsShared explorationLock speedFull tech treeHidden civsTurbo modeCheats
Victory
Defeat
🇦🇷 Bohemians · Argentina
1470
+14
🇯🇴 Lithuanians · Jordan
1457
+15
🇷🇺 Shu · Russia
1448
-15
🇷🇺 Bulgarians · Russia
1429
-14
youteGG_mangoneluser
6:41 Loom
9:26 Feudal Age
10:19 Double-Bit Axe
13:03 Fletching
21:29 Castle Age
19:46 Horse Collar
20:08 Gold Mining
24:38 Wheelbarrow
28:26 Bow Saw
29:35 Hand Cart
33:09 Imperial Age
30:27 Crossbowman
31:51 Bodkin Arrow
32:04 Padded Archer Armor
31:57 Town Watch
32:52 Heavy Plow
33:05 Scale Mail Armor
33:15 Forging
33:28 Leather Archer Armor
33:13 Stone Mining
34:01 Gold Shaft Mining
35:54 Chemistry
35:19 Ballistics
35:00 Bracer
36:51 Conscription
37:06 Hoardings
35:54 Arbalester
37:05 Ring Archer Armor
36:52 Bolt Magazine
37:55 Chain Mail Armor
38:42 Chemistry
38:24 Thumb Ring
39:20 Plate Mail Armor
42:46 Masonry
crypto_zhupel
6:33 Loom
9:58 Feudal Age
10:48 Double-Bit Axe
11:58 Town Watch
17:11 Fletching
21:23 Wheelbarrow
20:31 Horse Collar
24:42 Castle Age
26:06 Hand Cart
26:19 Bow Saw
32:18 Scale Mail Armor
32:33 Heavy Plow
32:38 Bodkin Arrow
33:14 Gold Mining
34:33 Gold Shaft Mining
34:53 Chain Mail Armor
34:47 Pikeman
35:45 Squires
39:19 Imperial Age
37:34 Forging
39:29 Iron Casting
39:21 Halberdier
40:08 Scale Barding Armor
40:36 Plate Mail Armor
40:23 Capped Ram
41:58 Scale Barding Armor
42:25 Plate Mail Armor
41:24 Siege Ram
43:46 Blast Furnace
JoC-Rui
10:33 Feudal Age
11:40 Loom
15:02 Castle Age
14:20 Double-Bit Axe
15:52 Horse Collar
20:58 Wheelbarrow
22:36 Bow Saw
27:52 Scale Barding Armor
27:50 Heavy Plow
29:32 Hand Cart
29:50 Chain Barding Armor
30:03 Forging
30:24 Gold Mining
30:56 Stone Mining
32:30 Stone Shaft Mining
34:50 Imperial Age
33:35 Iron Casting
33:24 Bloodlines
33:14 Husbandry
33:26 Loom
33:27 Town Watch
34:40 Fletching
35:06 Masonry
35:04 Cavalier
36:10 Scale Mail Armor
36:45 Plate Barding Armor
37:03 Conscription
37:46 Chemistry
37:17 Architecture
36:46 Bodkin Arrow
37:28 Plate Barding Armor
36:50 Bodkin Arrow
37:07 Paladin
39:31 Two-Man Saw
39:12 Bracer
41:42 Ballistics
Rabee-3
10:49 Feudal Age
15:12 Loom
17:50 Castle Age
18:54 Double-Bit Axe
29:45 Bow Saw
35:36 Imperial Age
34:01 Wheelbarrow
34:21 Scale Barding Armor
35:22 Chain Barding Armor
35:05 Husbandry
36:31 Forging
37:56 Cavalier
40:01 Conscription
40:48 Two-Man Saw
40:55 Iron Casting
42:29 Elite Hussite Wagon
43:37 Light Cavalry
Connection lost

Rejoining the realm…

Still unreachable

The connection could not be restored.

Session expired

The server has moved on; the page needs a fresh start.